 Dungeon Sprint DCSS version 0.23.2-1-ga50397a6bc (webtiles) character file.

Game seed: 12570539680706301415

686 Groucho the Pandemonic (level 7, -12/72 HPs)
             Began as a Deep Dwarf Fighter on Apr 17, 2019.
             Was a High Priest of Makhleb.
             Mangled by an earth elemental (22 damage)
             ... summoned by a deep elf mage
             ... in the Dungeon (Sprint VII: "The Pits").
             The game lasted 00:07:32 (601 turns).

Groucho the Pandemonic (Deep Dwarf Fighter)          Turns: 601, Time: 00:07:33

Health: -12/72     AC: 14    Str: 20    XL:     7   Next: 35%
Magic:  13/13      EV:  6    Int:  8    God:    Makhleb [*****.]
Gold:   0          SH: 11    Dex: 14    Spells: 6/6 levels left

rFire    . . .     SeeInvis .   t - +2 hand axe (freeze)
rCold    . . .     Gourm    .   c - +0 shield
rNeg     . . .     Faith    .   l - +3 chain mail
rPois    .         Spirit   .   (no helmet)
rElec    .         Reflect  .   (no cloak)
rCorr    .         Harm     .   (no gloves)
MR       +....     NoTele   +   (no boots)
Stlth    ..........             (no amulet)
HPRegen  0.00/turn              (no ring)
MPRegen  0.13/turn              (no ring)

@: non-regenerating
A: damage resistance, heal wounds, sense surroundings 1, no regeneration
a: Heal Wounds, Minor Destruction, Lesser Servant of Makhleb, Major Destruction,
Greater Servant of Makhleb, Renounce Religion


You were in the Dungeon.
You worshipped Makhleb.
Makhleb was extremely pleased with you.
You were not hungry.

You visited 1 branch

Inventory:

Hand Weapons
 a - a +0 war axe
 b - a +2 mace of crushing
 m - a +2 hand axe
 n - a +2 mace of protection
 t - a +2 hand axe of freezing (weapon)
Missiles
 s - 10 stones (quivered)
Armour
 c - a +0 shield (worn)
 l - a +3 chain mail (worn)
Scrolls
 k - a scroll of blinking
 p - 3 scrolls of remove curse
 q - 5 scrolls of amnesia
 r - a scroll of summoning
Potions
 d - a potion of might
 e - 6 potions of curing
 g - 2 potions of heal wounds
 h - a potion of haste
 i - 4 potions of magic
 j - 3 potions of berserk rage
 o - 2 potions of invisibility
Comestibles
 f - 9 rations


   Skills:
 + Level 7.2 Fighting
 + Level 8.2 Axes
 + Level 8.6 Armour
 + Level 8.6 Shields
 + Level 9.2 Invocations


You had 6 spell levels left.
You didn't know any spells.
Your spell library was empty.

Dungeon Overview and Level Annotations

Branches:
Dungeon (1/1)

Altars:
Ashenzari
Cheibriados
Dithmenos
Elyvilon
Fedhas
Gozag
Hepliaklqana
Kikubaaqudgha
Makhleb
Nemelex Xobeh
Okawaru
Qazlal
Ru
Sif Muna
Trog
Uskayaw
Vehumet
Wu Jian
Xom
Yredelemnul
Zin
The Shining One
Beogh
Jiyva
Lugonu


Innate Abilities, Weirdness & Mutations

You are resistant to damage.
You can heal yourself by infusing magical energy.
You passively map a small area around you.
You do not regenerate.


Message History

Your hellwing hits the snapping turtle!
Unknown command.
You hit the snapping turtle but do no damage.
The snapping turtle is severely wounded.
You hit the deep elf mage but do no damage.
The deep elf mage gestures wildly while chanting.
The snapping turtle barely misses you.
Your hellwing hits the snapping turtle.
Your hellwing hits the snapping turtle but does no damage.
Unknown command.
Your chain mail prevents you from hitting the snapping turtle.
The snapping turtle is almost dead.
You miss the deep elf mage. You hit the earth elemental.
The deep elf mage mumbles some strange words.
You block the snapping turtle's attack.
Your hellwing closely misses the snapping turtle.
Your hellwing hits the snapping turtle!
A demon appears!
It doesn't seem very happy.
The earth elemental hits you!!
You die...

#.##'#..#'###...<...#
#.#...)....##.......#
,, ,
#.#........##.......#
*
#'###########.......#*
,
#.......#..##########
#..###..#.######
#.......#)#....# * *
##.###.##)#Ee..# *
#.......#.E@tE.+,
#..###..#†#14..# ,
#....†..†.#....#
################


You could see an Executioner, a snapping turtle, 3 earth elementals, a deep elf
mage and a friendly hellwing.

Vanquished Creatures
  A water moccasin (D)
  A porcupine (D)
  A floating eye (D)
  A black bear (D)
  An orc warrior (D)
  An ogre (D)
  2 worker ants (D)
  A mummy (D)
  2 adders (D)
  An ufetubus (D)
  An adder skeleton (D)
  A leopard gecko (D)
  2 orcs (D)
  A hobgoblin (D)
  4 jackals (D)
  A kobold (D)
  2 goblins (D)
  A leopard gecko skeleton (D)
  A quokka skeleton (D)
26 creatures vanquished.

Notes
Turn   | Place    | Note
-------+----------+-------------------------------------------
     0 | D        | Groucho the Deep Dwarf Fighter began the quest for the Orb.
     0 | D        | Reached XP level 1. HP: 20/20 MP: 1/1
    46 | D        | Found a bloodstained altar of Trog.
    46 | D        | Found a deep blue altar of Sif Muna.
    46 | D        | Found a viscous altar of Jiyva.
    46 | D        | Found a hazy altar of Hepliaklqana.
    46 | D        | Found an opulent altar of Gozag.
    47 | D        | Found a glowing golden altar of the Shining One.
    47 | D        | Found a glowing silver altar of Zin.
    47 | D        | Found a basalt altar of Yredelemnul.
    47 | D        | Found a shimmering altar of Xom.
    47 | D        | Found an ornate altar of the Wu Jian Council.
    47 | D        | Found a sacrificial altar of Ru.
    47 | D        | Found a stormy altar of Qazlal.
    47 | D        | Found an iron altar of Okawaru.
    47 | D        | Found a sparkling altar of Nemelex Xobeh.
    47 | D        | Found a burning altar of Makhleb.
    47 | D        | Found a blossoming altar of Fedhas.
    47 | D        | Found a white marble altar of Elyvilon.
    47 | D        | Found a shadowy altar of Dithmenos.
    47 | D        | Found a snail-covered altar of Cheibriados.
    49 | D        | Found a radiant altar of Vehumet.
    49 | D        | Found a corrupted altar of Lugonu.
    49 | D        | Found a roughly hewn altar of Beogh.
    50 | D        | Found a hide-covered altar of Uskayaw.
    50 | D        | Found an ancient bone altar of Kikubaaqudgha.
    50 | D        | Found a shattered altar of Ashenzari.
    57 | D        | Became a worshipper of Makhleb the Destroyer
    82 | D        | Reached skill level 1 in Invocations
    89 | D        | Reached * piety under Makhleb
    99 | D        | Reached ** piety under Makhleb
    99 | D        | Reached XP level 2. HP: 24/28 MP: 1/3
   102 | D        | Reached skill level 2 in Invocations
   417 | D        | Noticed a floating eye
   419 | D        | Paralysed by a floating eye for 3 turns
   424 | D        | Killed a floating eye
   424 | D        | Reached skill level 5 in Armour
   424 | D        | Reached skill level 5 in Shields
   424 | D        | Reached skill level 5 in Invocations
   424 | D        | Reached XP level 3. HP: 37/37 MP: 3/6
   424 | D        | Reached XP level 4. HP: 45/45 MP: 3/7
   427 | D        | Reached *** piety under Makhleb
   431 | D        | Reached skill level 5 in Axes
   504 | D        | Noticed a black bear
   513 | D        | Reached XP level 5. HP: 40/51 MP: 7/9
   518 | D        | Reached **** piety under Makhleb
   521 | D        | Killed a black bear
   521 | D        | Reached skill level 5 in Fighting
   521 | D        | Reached skill level 6 in Invocations
   523 | D        | Reached skill level 7 in Invocations
   540 | D        | Reached XP level 6. HP: 49/62 MP: 11/11
   544 | D        | Noticed a porcupine
   547 | D        | Killed a porcupine
   547 | D        | Reached ***** piety under Makhleb
   556 | D        | Reached skill level 8 in Invocations
   559 | D        | Noticed a water moccasin
   559 | D        | Noticed an orc warrior
   562 | D        | Killed an orc warrior
   568 | D        | Killed a water moccasin
   568 | D        | Reached XP level 7. HP: 53/70 MP: 13/13
   577 | D        | Noticed a snapping turtle
   577 | D        | Noticed a deep elf mage
   594 | D        | Reached skill level 9 in Invocations
   601 | D        | Noticed an Executioner
   601 | D        | Mangled by an earth elemental

Skill      XL: |  1  2  3  4  5  6  7 |
---------------+----------------------+-----
Fighting       | 3 4 5 6 7 |  7.2
Invocations    | 1 5 7 8 9 |  9.2
Axes           | 4 5 6 7 8 |  8.2
Shields        | 5 6 8 |  8.6
Armour         | 5 6 8 |  8.6

Action                   |  1- 3 |  4- 6 |  7- 9 || total
-------------------------+-------+-------+-------++-------
Melee: Hand axe          |    25 |    39 |    16 ||    80
       War axe           |     4 |       |       ||     4
Invok: Major Destruction |       |     2 |     1 ||     3
       Lesser Servant of |       |       |     1 ||     1
       Greater Servant o |       |       |     1 ||     1
  Use: Potion            |       |       |     4 ||     4
 Stab: Distracted        |       |       |     1 ||     1
Armor: Scale mail        |    26 |    13 |       ||    39
       Chain mail        |       |    11 |     9 ||    20
Dodge: Dodged            |    12 |    17 |     4 ||    33
Block: Shield            |    17 |    18 |    20 ||    55
